[Event "Titled Tuesday Blitz August 09 Late 2022"]
[White "Wagner, Dennis"]
[Black "Esipenko, Andrey"]
[WhiteFideId "24650684"]
[BlackFideId "24175439"]
[WhiteElo "2355"]
[BlackElo "2619"]
[Result "0-1"]
[Round "10"]
[TimeControl "180+1"]
[Date "2022.08.09"]
[WhiteClock "0:00:04"]
[BlackClock "0:00:50"]

1. e4 e5 2. Nf3 Nf6 3. Nxe5 d6 4. Nd3 Nxe4 5. Qe2 Qe7 6. Nf4 Nc6 7. Nd5 Nd4 8. Nxe7 Nxe2 9. Nd5 Nd4 10. d3 Nxc2+ 11. Kd1 Nxa1 12. dxe4 Kd8 13. Bg5+ f6 14. Bf4 c6 15. Ne3 a5 16. Nc3 b5 17. Kd2 Be6 18. Bd3 Bxa2 19. Rxa1 Be6 20. Nc2 Be7 21. Nd4 Bd7 22. f3 Re8 23. g4 g6 24. h4 Bf8 25. g5 fxg5 26. hxg5 Bg7 27. Nde2 Ke7 28. Rh1 Rh8 29. Be3 a4 30. Bc2 a3 31. bxa3 Rxa3 32. Bd4 Bxd4 33. Nxd4 b4 34. Nce2 c5 35. Nb3 Be6 36. Nbc1 Rxf3 37. Nd3 b3 38. Bd1 c4 39. Nb4 Rf2 40. Ke3 Rg2 41. Nf4 Rxg5 42. Nbd5+ Bxd5 43. Nxd5+ Ke6 44. Kd4 Rg3 45. Rf1 Rc8 46. Rf6+ Kd7 47. Rf7+ Ke8 48. Rc7 Rxc7 49. Nxc7+ Kd7 50. Nd5 Rd3+ 51. Kxc4 Rxd1 52. Kxb3 h5 0-1


[Site "https://www.chess.com"]

[Event "Titled Tuesday Blitz August 09 Late 2022"]
[White "Xie, Luke"]
[Black "Zhurbinsky, David"]
[WhiteFideId "2099667"]
[BlackFideId "2072904"]
[WhiteElo "2411"]
[BlackElo "2556"]
[Result "1-0"]
[Round "10"]
[TimeControl "180+1"]
[Date "2022.08.09"]
[WhiteClock "0:00:16"]
[BlackClock "0:00:09"]

1. e4 e5 2. Nf3 Nc6 3. Bb5 a6 4. Ba4 Nf6 5. Bxc6 dxc6 6. d3 Bd6 7. b3 Bg4 8. Bb2 Qe7 9. h3 Bh5 10. Nbd2 O-O-O 11. Nc4 Rhe8 12. Qe2 Bb4+ 13. Kf1 Bxf3 14. Qxf3 Nd7 15. g3 g6 16. Kg2 f5 17. exf5 gxf5 18. Qxf5 Rf8 19. Qe4 Bc5 20. Rhf1 Rde8 21. Rae1 Qf7 22. Nxe5 Qh5 23. f4 Nf6 24. Qf3 Qh6 25. d4 Bd6 26. Ng4 Nxg4 27. hxg4 Qg6 28. f5 Qg5 29. Bc1 Qf6 30. c3 c5 31. g5 Qf7 32. f6 cxd4 33. cxd4 Kb8 34. Bf4 Bb4 35. Rc1 Ba5 36. b4 Bb6 37. a4 Qa2+ 38. Rf2 Qxa4 39. Rfc2 Qxb4 40. Bxc7+ Bxc7 41. Rxc7 Qd2+ 42. Kh3 Qb2 43. R1c3 Re2 44. Rxb7+ Qxb7 45. Rb3 Rb2 46. Rxb7+ Rxb7 47. Qc6 Rc8 48. Qxa6 Rc2 49. Qd6+ Ka7 50. Qd5 h5 51. gxh6 Rcc7 52. Qe6 Rf7 53. Qf5 Rbd7 54. g4 Rxd4 55. Qc5+ Kb8 56. Qxd4 Rh7 57. g5 Rf7 58. Qd8+ Kb7 59. Qd5+ Ka6 60. Qxf7 Kb5 61. Qe6 Kb4 62. f7 Ka3 63. f8=Q+ Kb2 64. Qb8+ Kc3 65. Qc6+ Kd4 66. Qd8+ Ke3 67. Qce8+ Kf4 68. Qf6# 1-0


[Site "https://www.chess.com"]

[Event "Titled Tuesday Blitz August 09 Late 2022"]
[White "Yanchenko, Roman"]
[Black "Nakamura, Hikaru"]
[WhiteFideId "4137329"]
[BlackFideId "2016192"]
[WhiteElo "2514"]
[BlackElo "2850"]
[Result "0-1"]
[Round "10"]
[TimeControl "180+1"]
[Date "2022.08.09"]
[WhiteClock "0:00:02"]
[BlackClock "0:00:46"]

1. d4 f5 2. c4 Nf6 3. Nf3 d6 4. Nc3 g6 5. e3 Nbd7 6. b3 e5 7. dxe5 dxe5 8. Bb2 c6 9. Be2 Qc7 10. Qc2 a5 11. Rd1 Bd6 12. h4 Nc5 13. Ng5 h6 14. Nf3 O-O 15. h5 g5 16. Ba3 e4 17. Bxc5 Bxc5 18. Nd4 Qe5 19. g3 Bd7 20. Na4 Bb4+ 21. Kf1 Rad8 22. c5 Kh8 23. Qb2 f4 24. gxf4 gxf4 25. Nc2 Qxb2 26. Nxb2 Bxc5 27. exf4 Nd5 28. Ke1 Rxf4 29. Rh2 Rdf8 30. Nc4 Bxf2+ 31. Kd2 Bc5 32. Ne5 Be8 33. Ng6+ Bxg6 34. hxg6 Kg7 35. Rdh1 Rh8 36. Bc4 e3+ 37. Kd3 Nf6 38. Ke2 Rd8 0-1


[Site "https://www.chess.com"]

[Event "Titled Tuesday Blitz August 09 Late 2022"]
[White "Yurasova, Daria"]
[Black "Gurevich, Dmitry"]
[WhiteFideId "34146919"]
[BlackFideId "2000407"]
[WhiteElo "2021"]
[BlackElo "2506"]
[Result "1-0"]
[Round "10"]
[TimeControl "180+1"]
[Date "2022.08.09"]
[WhiteClock "0:00:05"]
[BlackClock "0:00:07"]

1. d4 Nf6 2. Nf3 e6 3. c4 a6 4. g3 c5 5. Bg2 cxd4 6. Nxd4 Qc7 7. b3 Be7 8. O-O O-O 9. Bb2 Nc6 10. Nc2 b5 11. Nd2 Bb7 12. Rc1 bxc4 13. Nxc4 d5 14. Nd2 Qb6 15. Nf3 a5 16. Ncd4 a4 17. Nxc6 Bxc6 18. Bd4 Qb7 19. Ne5 Bb5 20. Rb1 Qa6 21. Bf3 axb3 22. axb3 Rfc8 23. Ra1 Qb7 24. Qb1 Ne4 25. Rxa8 Rxa8 26. Qc2 f6 27. Nd3 Rc8 28. Qb2 e5 29. Be3 Qd7 30. Rc1 Rxc1+ 31. Qxc1 Qe6 32. Qc7 Qd7 33. Qb8+ Kf7 34. b4 Nc3 35. Nc5 Qc6 36. Kg2 e4 37. Bg4 Kg6 38. Bd7 Qd6 39. Qe8# 1-0


[Site "https://www.chess.com"]

[Event "Titled Tuesday Blitz August 09 Late 2022"]
[White "Zhang, Eric"]
[Black "Dimitrov, Atanas"]
[WhiteFideId "30907667"]
[BlackFideId "2901315"]
[WhiteElo "2505"]
[BlackElo "2675"]
[Result "0-1"]
[Round "10"]
[TimeControl "180+1"]
[Date "2022.08.09"]
[WhiteClock "0:00:21"]
[BlackClock "0:00:47"]

1. d4 Nf6 2. c4 g6 3. f3 Bg7 4. e4 d6 5. Nc3 O-O 6. Be3 Nbd7 7. Bd3 e6 8. Nge2 c5 9. d5 Ne5 10. O-O b6 11. Kh1 Ba6 12. dxe6 fxe6 13. b3 Qe7 14. f4 Nxd3 15. Qxd3 Bb7 16. Ng3 Rad8 17. Rad1 Kh8 18. Qc2 Ng4 19. Bg1 Bd4 20. Rxd4 cxd4 21. Bxd4+ e5 22. Bg1 exf4 23. Bd4+ Ne5 24. Nge2 Kg8 25. Rxf4 Rxf4 26. Nxf4 Rf8 27. g3 Qf7 28. Qe2 Bc8 29. Nb5 Bg4 30. Qb2 Nd3 31. Nxd6 Nxb2 32. Nxf7 Rxf7 33. Bxb2 Bf3+ 34. Kg1 Bxe4 35. Kf2 g5 36. Ke3 gxf4+ 37. Kxe4 f3 38. Bd4 f2 39. Bxf2 Rxf2 0-1


[Site "https://www.chess.com"]

[Event "Titled Tuesday Blitz August 09 Late 2022"]
[White "Zhigalko, Sergei"]
[Black "Rosen, Eric"]
[WhiteFideId "13502956"]
[BlackFideId "2032562"]
[WhiteElo "2662"]
[BlackElo "2362"]
[Result "1-0"]
[Round "10"]
[TimeControl "180+1"]
[Date "2022.08.09"]
[WhiteClock "0:00:14"]
[BlackClock "0:00:01"]

1. e4 c5 2. Nf3 d6 3. d4 Nf6 4. Nc3 cxd4 5. Qxd4 Nc6 6. Bb5 Bd7 7. Bxc6 Bxc6 8. Bg5 e6 9. O-O-O Be7 10. Rhe1 O-O 11. Kb1 Qa5 12. Qd2 Rfe8 13. Nd4 Rac8 14. f3 b5 15. Nd5 Qxd2 16. Nxe7+ Rxe7 17. Rxd2 h6 18. Bh4 g5 19. Bg3 d5 20. Nxc6 Rxc6 21. exd5 Rc8 22. dxe6 fxe6 23. h4 Kf7 24. hxg5 hxg5 25. Re5 Rh8 26. c3 g4 27. Rxb5 gxf3 28. gxf3 Rh3 29. Rg2 Nd5 30. a3 Rh1+ 31. Ka2 Ne3 32. Re2 Nf5 33. Bb8 Rf1 34. f4 Rd7 35. Rh2 Rdd1 36. Bxa7 1-0


[Site "https://www.chess.com"]

[Event "Titled Tuesday Blitz August 09 Late 2022"]
[White "Amburgy, Ryan"]
[Black "Fishbein, Alexander"]
[WhiteFideId "30924820"]
[BlackFideId "2000377"]
[WhiteElo "2066"]
[BlackElo "2410"]
[Result "1-0"]
[Round "11"]
[TimeControl "180+1"]
[Date "2022.08.09"]
[WhiteClock "0:00:26"]
[BlackClock "0:00:05"]

1. d4 Nf6 2. Nc3 d5 3. Bf4 e6 4. Nb5 Na6 5. e3 Be7 6. Nf3 O-O 7. Ne5 c6 8. Nc3 Nc7 9. Bd3 c5 10. dxc5 Bxc5 11. Qf3 Bd6 12. Qh3 g6 13. g4 Nce8 14. Qg3 Qc7 15. h4 Nd7 16. Nxd7 Bxd7 17. h5 e5 18. hxg6 fxg6 19. Qh4 Be6 20. Bg5 Qf7 21. O-O-O e4 22. Be2 Be5 23. Nb5 h5 24. Rdf1 Ng7 25. gxh5 gxh5 26. Bh6 Bf6 27. Qg3 Kh7 28. Bxg7 Qxg7 29. Rxh5+ Kg8 30. Qxg7+ Bxg7 31. Nd4 Bf7 32. Rg5 Kh7 33. Rh1+ Bh6 34. Nf5 1-0


[Site "https://www.chess.com"]

[Event "Titled Tuesday Blitz August 09 Late 2022"]
[White "Bernal Moro, Luis Javier"]
[Black "Romanchuk, Viktor"]
[WhiteFideId "2200236"]
[BlackFideId "14109271"]
[WhiteElo "2376"]
[BlackElo "2242"]
[Result "0-1"]
[Round "11"]
[TimeControl "180+1"]
[Date "2022.08.09"]
[WhiteClock "0:00:10"]
[BlackClock "0:00:51"]

1. c4 c6 2. e4 d5 3. exd5 cxd5 4. d4 Nf6 5. Nc3 e6 6. Nf3 Be7 7. cxd5 exd5 8. Bb5+ Bd7 9. Bd3 Nc6 10. h3 O-O 11. O-O Re8 12. Bg5 h6 13. Bh4 Be6 14. Re1 Rc8 15. a3 Na5 16. Rc1 Nc4 17. Re2 Qb6 18. Na4 Qd8 19. Nc5 Bxc5 20. dxc5 g5 21. Bg3 Ne4 22. Bxc4 Nxg3 23. Rd2 Ne4 24. Rd4 Rxc5 25. Bd3 Rxc1 26. Qxc1 Nf6 27. h4 g4 28. Ne5 Kg7 29. Qf4 Qc7 30. g3 Bc8 31. Nxf7 Qxf4 32. Rxf4 Kxf7 33. h5 Re5 34. Bg6+ Ke7 35. Rb4 Nxh5 0-1


[Site "https://www.chess.com"]

[Event "Titled Tuesday Blitz August 09 Late 2022"]
[White "Bodnar, Nikolay"]
[Black "Hafiz, Arif Abdul"]
[WhiteFideId "14106469"]
[BlackFideId "7104227"]
[WhiteElo "2283"]
[BlackElo "2198"]
[Result "1-0"]
[Round "11"]
[TimeControl "180+1"]
[Date "2022.08.09"]
[WhiteClock "0:00:53"]
[BlackClock "0:00:18"]

1. c4 Nf6 2. g3 c6 3. Bg2 d5 4. Nf3 Bf5 5. O-O e6 6. b3 Nbd7 7. Bb2 h6 8. d3 Bc5 9. Nbd2 O-O 10. a3 a5 11. Qc2 Qb6 12. Rad1 d4 13. Ne4 Bxe4 14. dxe4 e5 15. Ne1 Bd6 16. Nd3 Nc5 17. Nxc5 Bxc5 18. Qd3 Rfd8 19. f4 Ng4 20. Rf3 f5 21. exf5 e4 22. Qxe4 d3+ 23. e3 Qxb3 24. Qe6+ Kh8 25. Rd2 Re8 26. Qg6 Qxb2 27. Rxb2 Rxe3 28. Rxe3 Bxe3+ 29. Kh1 Bd4 30. f6 Bxf6 31. Be4 Kg8 32. Qh7+ Kf7 33. Rxb7+ 1-0


[Site "https://www.chess.com"]

[Event "Titled Tuesday Blitz August 09 Late 2022"]
[White "Chigaev, Maksim"]
[Black "Naroditsky, Daniel"]
[WhiteFideId "4108116"]
[BlackFideId "2026961"]
[WhiteElo "2487"]
[BlackElo "2628"]
[Result "0-1"]
[Round "11"]
[TimeControl "180+1"]
[Date "2022.08.09"]
[WhiteClock "0:00:01"]
[BlackClock "0:00:03"]

1. e4 e5 2. Nf3 Nc6 3. g3 Nf6 4. d3 Bc5 5. Bg2 d6 6. c3 a6 7. a4 Ba7 8. Na3 Be6 9. Nc2 h6 10. O-O O-O 11. Be3 Bxe3 12. Nxe3 Re8 13. Re1 Qd7 14. b4 Bh3 15. b5 axb5 16. axb5 Ne7 17. c4 Bxg2 18. Kxg2 c6 19. bxc6 bxc6 20. Nh4 d5 21. cxd5 cxd5 22. Rxa8 Rxa8 23. Nhf5 Nxf5 24. Nxf5 dxe4 25. dxe4 Qxd1 26. Rxd1 Nxe4 27. Re1 Ra4 28. h4 h5 29. Re2 f6 30. Rc2 g6 31. Ne3 Ra6 32. Rc4 Nd6 33. Rc7 Ra2 34. Kf3 Nb5 35. Rb7 Nd4+ 36. Kg2 Ra5 37. Nc4 Rd5 38. Ne3 Rc5 39. Rd7 Kf8 40. Nd5 Rc6 41. Ne7 Ke8 42. Ra7 Rc2 43. Nxg6 Nf5 44. Kf3 Nd4+ 45. Ke4 Rxf2 46. Kd5 Rd2 47. Rh7 Nb5+ 48. Ke6 Rd6+ 49. Kf5 Nd4+ 50. Ke4 Ra6 51. Re7+ Kd8 52. Rh7 Ke8 53. Re7+ Kd8 54. Rb7 Ra3 55. Kd5 Rxg3 56. Nh8 Ra3 57. Nf7+ Ke8 58. Nd6+ Kf8 59. Rf7+ Kg8 60. Rxf6 Nf3 61. Nf5 Rb3 62. Ne7+ Kg7 63. Rf5 Ra3 0-1


[Site "https://www.chess.com"]

[Event "Titled Tuesday Blitz August 09 Late 2022"]
[White "Claverie, Christophe"]
[Black "Csonka, Balazs"]
[WhiteFideId "605514"]
[BlackFideId "742910"]
[WhiteElo "2300"]
[BlackElo "2404"]
[Result "1-0"]
[Round "11"]
[TimeControl "180+1"]
[Date "2022.08.09"]
[WhiteClock "0:01:41"]
[BlackClock "0:00:01"]

1. d4 Nf6 2. Bg5 Ne4 3. Bf4 d5 4. f3 Nf6 5. Nc3 e6 6. e4 Bb4 7. Qd3 O-O 8. a3 Bxc3+ 9. bxc3 Nc6 10. e5 Nd7 11. Bc1 f5 12. h4 Na5 13. Bg5 Qe8 14. h5 h6 15. Bc1 b6 16. Ne2 Nc4 17. Nf4 Ba6 18. g4 fxg4 19. fxg4 c5 20. Qg3 cxd4 21. cxd4 Rc8 22. Bd3 Bb5 23. g5 hxg5 24. Qxg5 Qf7 25. h6 Ncxe5 26. dxe5 Bxd3 27. Nxd3 Rxc2 28. Be3 g6 29. h7+ Kh8 30. Nf4 Qf5 31. Nxg6+ Kg7 32. Nxf8+ Kxf8 33. h8=Q+ 1-0


[Site "https://www.chess.com"]

[Event "Titled Tuesday Blitz August 09 Late 2022"]
[White "Demchenko, Anton"]
[Black "Matinian, Nikita"]
[WhiteFideId "4160258"]
[BlackFideId "24129100"]
[WhiteElo "2539"]
[BlackElo "2422"]
[Result "1-0"]
[Round "11"]
[TimeControl "180+1"]
[Date "2022.08.09"]
[WhiteClock "0:01:08"]
[BlackClock "0:01:30"]

1. e4 c5 2. Nc3 Nc6 3. Bb5 Nd4 4. Bc4 e6 5. Nge2 Nf6 6. O-O d5 7. exd5 exd5 8. Nxd5 Nxd5 9. Nxd4 cxd4 10. Qh5 Be6 11. Re1 Be7 12. Rxe6 g6 13. Qe5 O-O 14. Bxd5 fxe6 15. Bxe6+ Rf7 16. d3 Rc8 17. Bh6 Bf6 18. Qe4 Rxc2 19. Qxb7 Be7 20. Bxf7+ Kxf7 21. Qb3+ 1-0


[Site "https://www.chess.com"]

[Event "Titled Tuesday Blitz August 09 Late 2022"]
[White "Djordjevic, Vuk"]
[Black "Dimitrov, Atanas"]
[WhiteFideId "902098"]
[BlackFideId "2901315"]
[WhiteElo "2456"]
[BlackElo "2679"]
[Result "1-0"]
[Round "11"]
[TimeControl "180+1"]
[Date "2022.08.09"]
[WhiteClock "0:00:13"]
[BlackClock "0:00:04"]

1. d4 Nf6 2. Bg5 e6 3. e4 Be7 4. e5 Nd5 5. Bxe7 Nxe7 6. Nf3 d6 7. exd6 Qxd6 8. Nc3 O-O 9. Bd3 h6 10. O-O Nbc6 11. Nb5 Qd8 12. c3 Nd5 13. g3 a6 14. Na3 b5 15. c4 bxc4 16. Nxc4 Bb7 17. Rc1 Nf6 18. Re1 Kh8 19. Bf1 Ne7 20. Nce5 Nf5 21. Bg2 Rb8 22. Qc2 Bxf3 23. Nxf3 Nxd4 24. Nxd4 Qxd4 25. b3 Rfc8 26. Qe2 a5 27. Rc4 Qd6 28. Rec1 c5 29. Qc2 Nd7 30. Rd1 Qe7 31. Qc3 Nb6 32. Rg4 f5 33. Rh4 Kh7 34. Qxa5 c4 35. Qe5 cxb3 36. axb3 Nd7 37. Qe3 Nc5 38. b4 Na4 39. Qb3 Nc3 40. Re1 e5 41. Rc4 Nb5 42. Rxc8 Rxc8 43. Qd5 Qxb4 44. Qxe5 Rf8 45. Bh3 Nd6 46. Qe6 Qd4 47. Qe3 Qf6 48. Qe2 Ne4 49. Bg2 Ng5 50. h4 Nf7 51. Qd3 Ne5 52. Qd5 Ng4 53. Re6 Qf7 54. Rd6 Qxd5 55. Rxd5 Rf7 56. Bh3 h5 57. Bf1 Kg6 58. Bd3 Nh6 59. Kg2 Rf6 60. f3 Kf7 61. Rd7+ Kg8 62. Bc4+ Kh7 63. Kh3 f4 64. Bd3+ Kg8 65. g4 hxg4+ 66. fxg4 Re6 67. g5 Re3+ 68. Kg2 Ng4 69. Bg6 Kf8 70. Rf7+ Kg8 71. Rxf4 Ne5 72. Bh5 g6 73. Bd1 Kg7 74. Rd4 Rd3 75. Re4 Rxd1 76. Rxe5 Rd4 77. Kg3 Rd3+ 78. Kf4 Rd4+ 79. Re4 Rd1 80. Ke5 Ra1 81. Rd4 Ra5+ 82. Ke6 Ra6+ 83. Rd6 Ra1 84. Rd7+ Kf8 85. Kf6 Ra6+ 86. Ke5 Kg8 87. Rd6 Ra4 88. Rxg6+ Kf7 89. Rf6+ Kg7 90. Rh6 Ra5+ 91. Kf4 Ra4+ 92. Kf5 Ra3 93. Kg4 Ra4+ 94. Kh5 Rb4 95. Rg6+ Kh7 96. Rc6 Kg7 97. Rc7+ Kg8 98. Kg6 Rb6+ 99. Kh5 Rb4 100. g6 Kf8 101. Kg5 Rb6 102. Kh6 Rb5 103. Rc8+ Ke7 104. g7 Rb6+ 105. Kh7 Rb4 106. h5 Rh4 107. h6 Kf6 108. g8=Q Rxh6+ 109. Kxh6 Ke5 110. Re8+ Kd4 111. Re6 Kc5 112. Qf7 Kd5 113. Qd7+ Kc5 114. Rc6+ Kb4 115. Qb7+ Ka4 116. Ra6# 1-0


[Site "https://www.chess.com"]

[Event "Titled Tuesday Blitz August 09 Late 2022"]
[White "Esipenko, Andrey"]
[Black "Paravyan, David"]
[WhiteFideId "24175439"]
[BlackFideId "4194985"]
[WhiteElo "2619"]
[BlackElo "2569"]
[Result "1-0"]
[Round "11"]
[TimeControl "180+1"]
[Date "2022.08.09"]
[WhiteClock "0:00:24"]
[BlackClock "0:00:01"]

1. e4 e5 2. Nf3 Nf6 3. Nc3 Nc6 4. d4 exd4 5. Nxd4 Bb4 6. Nxc6 bxc6 7. Bd3 O-O 8. O-O d5 9. exd5 Bg4 10. f3 Bh5 11. dxc6 Qd4+ 12. Kh1 Bxc3 13. bxc3 Qxc3 14. Bf4 Qxc6 15. Qe1 Bg6 16. Qa5 Bxd3 17. cxd3 Qd5 18. Qxc7 Rfc8 19. Qe5 Rc2 20. Rfc1 Rxc1+ 21. Rxc1 Re8 22. Qxd5 Nxd5 23. Bd2 f6 24. Kg1 Re2 25. Rc2 Ne3 26. Rc8+ Kf7 27. Bxe3 Rxe3 28. Rd8 Re2 29. Rd7+ Kg6 30. Rxa7 Rd2 31. Ra3 Kg5 32. h3 h5 33. Kh2 h4 34. Ra4 f5 35. f4+ Kh5 36. Ra5 g6 37. Ra8 Kh6 38. a4 Rxd3 39. a5 Rd1 40. a6 Ra1 41. g4 Ra2+ 42. Kg1 Ra4 43. gxf5 gxf5 44. a7 Kg7 45. Kg2 Ra3 46. Kf2 Kh7 47. Ke2 Kg7 48. Kd2 Kh7 49. Kc2 Kg7 50. Kb2 Ra6 51. Kb3 Ra1 52. Kc4 Ra5 53. Kb4 Ra1 54. Kc5 Ra4 55. Kd5 Kh7 56. Ke6 1-0


[Site "https://www.chess.com"]

[Event "Titled Tuesday Blitz August 09 Late 2022"]
[White "Goncalves, Davi Sulzbacher"]
[Black "Bartholomew, John"]
[WhiteFideId "2154510"]
[BlackFideId "2019353"]
[WhiteElo "2107"]
[BlackElo "2741"]
[Result "0-1"]
[Round "11"]
[TimeControl "180+1"]
[Date "2022.08.09"]
[WhiteClock "0:00:20"]
[BlackClock "0:00:45"]

1. d4 d5 2. Nf3 Nf6 3. c4 c6 4. Nc3 dxc4 5. a4 Bf5 6. e3 e6 7. Bxc4 Bb4 8. O-O Nbd7 9. Qe2 Bg6 10. e4 Bxc3 11. bxc3 Nxe4 12. Ba3 Qc7 13. Qe3 a6 14. Rfe1 c5 15. Bd3 Nef6 16. dxc5 Bxd3 17. Qxd3 Nxc5 18. Qc4 Rc8 19. Ng5 O-O 20. Qh4 h6 21. Re5 Qxe5 0-1


[Site "https://www.chess.com"]

[Event "Titled Tuesday Blitz August 09 Late 2022"]
[White "Grischuk, Alexander"]
[Black "Salem, A.R. Saleh"]
[WhiteFideId "4126025"]
[BlackFideId "9301348"]
[WhiteElo "2762"]
[BlackElo "2674"]
[Result "1-0"]
[Round "11"]
[TimeControl "180+1"]
[Date "2022.08.09"]
[WhiteClock "0:00:02"]
[BlackClock "0:00:02"]

1. d4 d5 2. c4 e6 3. Nc3 Nf6 4. cxd5 exd5 5. Bg5 c6 6. Qc2 h6 7. Bh4 Be7 8. e3 O-O 9. Bd3 Re8 10. Nf3 Ne4 11. Bxe7 Qxe7 12. O-O Bf5 13. Ne5 Nd7 14. Nxd7 Qxd7 15. b4 Nd6 16. a4 Rac8 17. Qe2 Re6 18. b5 Bxd3 19. Qxd3 Nc4 20. Rab1 Rg6 21. Ne2 cxb5 22. axb5 Rb6 23. Nc3 Rg6 24. Ne2 Rb6 25. Nc3 Rg6 26. Rfc1 Qg4 27. g3 Nb6 28. Ne2 Rc4 29. Nf4 Rf6 30. Qd1 Qf5 31. Ra1 g5 32. Nd3 a5 33. bxa6 bxa6 34. Qe2 Nd7 35. Rxc4 dxc4 36. Nb2 Qb5 37. Rc1 Nb6 38. Nd1 Qf5 39. e4 Re6 40. Nc3 Qa5 41. Qe3 Qa3 42. d5 Rg6 43. Rb1 Nd7 44. Qd4 1-0


[Site "https://www.chess.com"]

[Event "Titled Tuesday Blitz August 09 Late 2022"]
[White "Hakobyan, Aram"]
[Black "Andreikin, Dmitry"]
[WhiteFideId "13306677"]
[BlackFideId "4158814"]
[WhiteElo "2557"]
[BlackElo "2736"]
[Result "0-1"]
[Round "11"]
[TimeControl "180+1"]
[Date "2022.08.09"]
[WhiteClock "0:00:02"]
[BlackClock "0:00:08"]

1. e4 c5 2. Nf3 e6 3. d4 cxd4 4. Nxd4 Nc6 5. Nc3 a6 6. Be2 Qc7 7. O-O Nf6 8. Be3 Be7 9. f4 d6 10. Kh1 O-O 11. Qe1 Nxd4 12. Bxd4 b5 13. Bd3 Bb7 14. Qg3 Rad8 15. Rae1 Qd7 16. a3 Nh5 17. Qf3 Nxf4 18. Bxg7 Kxg7 19. Qxf4 f6 20. Re3 Rf7 21. Rh3 Kh8 22. Qh6 Rg8 23. Ne2 Bf8 24. Qh4 f5 25. Ng3 fxe4 26. Rxf7 Qxf7 27. Bxe4 Bxe4 28. Qxe4 d5 29. Qd3 Rg6 30. Rh4 Bg7 31. c3 Qf2 32. Qb1 Be5 33. Rh3 Kg8 34. a4 bxa4 35. c4 dxc4 36. Rh5 Qxb2 37. Qe1 Bc3 38. Qf1 a3 39. Rc5 Rf6 40. Rc8+ Kf7 41. Rc7+ Ke8 42. Qd1 Qa1 43. Rc8+ Kf7 44. Qxa1 Bxa1 45. Rxc4 Rf2 46. Ra4 a2 47. h4 Be5 48. Ne4 Rf1# 0-1


[Site "https://www.chess.com"]

[Event "Titled Tuesday Blitz August 09 Late 2022"]
[White "Hambleton, Aman"]
[Black "Przybylski, Wojciech"]
[WhiteFideId "2606577"]
[BlackFideId "1117599"]
[WhiteElo "2538"]
[BlackElo "2133"]
[Result "1-0"]
[Round "11"]
[TimeControl "180+1"]
[Date "2022.08.09"]
[WhiteClock "0:00:22"]
[BlackClock "0:00:22"]

1. d4 Nf6 2. Bf4 e6 3. e3 b6 4. Nf3 Bb7 5. h3 Be7 6. Bd3 O-O 7. O-O c5 8. c3 Nc6 9. Bh2 Re8 10. Nbd2 d6 11. Qe2 a5 12. a4 Qc7 13. Nc4 Rad8 14. Rac1 Nb8 15. e4 Nbd7 16. e5 dxe5 17. dxe5 Nd5 18. Rfe1 Bc6 19. Bc2 g6 20. Rcd1 Rf8 21. Nfd2 b5 22. Nd6 bxa4 23. N2e4 Rb8 24. Bd3 Qb6 25. Rd2 Qc7 26. Bg3 N7b6 27. Red1 Ba8 28. Qf3 Nd7 29. h4 a3 30. bxa3 Nxc3 31. h5 Nxe4 32. Bxe4 Bxe4 33. Qxe4 Nb6 34. hxg6 hxg6 35. Qg4 Kg7 36. Bh4 Bxh4 37. Qxh4 Nd7 38. Nf5+ exf5 39. Rxd7 Qxe5 40. R7d3 Qf6 41. Qg3 c4 42. Rc3 Rbc8 43. Rdc1 Qd4 44. Qf3 Rfd8 45. g3 Rc5 46. Qe2 Rdc8 47. Qc2 Qd5 48. Qe2 Qd4 49. Qf3 R5c6 50. Qe2 R8c7 51. Qf3 Rc5 52. R1c2 Rc8 53. Rc1 R5c7 54. R1c2 Rc6 55. Rc1 a4 56. Qe2 Re6 57. Qc2 Re4 58. Qxa4 Rc7 59. Qa5 Rc5 60. Qa7 Rg4 61. Qb8 f4 62. Kf1 fxg3 63. Rxg3 Rxg3 64. Qxg3 Rf5 65. Rc2 Qa1+ 66. Kg2 Qb1 67. Rxc4 Qd1 68. Qc3+ Kh7 69. Rh4+ Rh5 70. Rxh5+ gxh5 71. Qc5 Qg4+ 72. Kh2 Qh4+ 73. Kg2 Qg4+ 74. Kf1 Qd1+ 75. Kg2 Qd3 76. Qe3 Qf5 77. f3 h4 78. Qe4 Kg6 79. a4 Kf6 80. Qxf5+ Kxf5 81. a5 Ke5 82. a6 Kd6 83. a7 Kc7 84. a8=Q Kb6 85. Qh8 Kc5 86. Qxh4 Kd6 87. Qa4 Ke6 88. Qa3 Kf5 89. Qa2 f6 90. Qa1 Kg6 91. Kf2 Kf7 92. Qa4 Kg6 93. Kg3 f5 94. Kf4 Kh5 95. Qa5 Kh4 96. Kxf5 Kg3 97. f4 Kf3 98. Ke5 Kg3 99. f5 Kg4 100. f6 Kg5 101. Ke6+ Kg6 102. Qc7 Kh6 103. Qg7+ Kh5 104. f7 Kh4 105. Ke7 Kh3 106. Kf8 Kh2 107. Kg8 Kh3 108. Kh7 Kh2 109. f8=Q Kh1 110. Qfh8 Kh2 111. Kg8# 1-0


[Site "https://www.chess.com"]

[Event "Titled Tuesday Blitz August 09 Late 2022"]
[White "Harshavardhan G B"]
[Black "Blanco Ronquillo, Humberto L."]
[WhiteFideId "25059009"]
[BlackFideId "3504239"]
[WhiteElo "1890"]
[BlackElo "2425"]
[Result "1-0"]
[Round "11"]
[TimeControl "180+1"]
[Date "2022.08.09"]
[WhiteClock "0:01:31"]
[BlackClock "0:00:17"]

1. d4 d5 2. c4 c6 3. Nf3 Nf6 4. Nc3 e6 5. Bg5 Nbd7 6. e3 Qa5 7. cxd5 exd5 8. Bd3 Bd6 9. O-O O-O 10. Qc2 h6 11. Bh4 Re8 12. Rae1 b6 13. a3 Ba6 14. b4 Bxd3 15. Qxd3 Qxa3 16. Ra1 Qb3 17. Nd2 Qxb4 18. Rfb1 a5 19. Rxb4 axb4 20. Rxa8 Rxa8 21. Ncb1 Ra1 22. Bg3 Bxg3 23. hxg3 c5 24. Qb5 Ra5 25. Qc6 c4 26. Nxc4 dxc4 27. Qc8+ Nf8 28. Qxc4 Nd5 29. e4 Ra1 30. Qxd5 Rxb1+ 31. Kh2 b3 32. Qb5 Ne6 33. d5 Nc5 34. d6 Rd1 35. Qxb6 Nxe4 36. Qb8+ Kh7 37. Qxb3 Nxf2 38. Qxd1 Nxd1 39. d7 1-0


[Site "https://www.chess.com"]

[Event "Titled Tuesday Blitz August 09 Late 2022"]
[White "Harvey, Marcus R"]
[Black "Adewumi, Tanitoluwa"]
[WhiteFideId "400092"]
[BlackFideId "30966396"]
[WhiteElo "2485"]
[BlackElo "2520"]
[Result "1-0"]
[Round "11"]
[TimeControl "180+1"]
[Date "2022.08.09"]
[WhiteClock "0:00:44"]
[BlackClock "0:00:01"]

1. c4 e5 2. Nc3 Nc6 3. e3 g6 4. d4 exd4 5. exd4 Bg7 6. d5 Nce7 7. d6 cxd6 8. Nb5 Nf5 9. g4 a6 10. Nxd6+ Nxd6 11. Qxd6 Ne7 12. Bg2 O-O 13. Ne2 Nc6 14. O-O Re8 15. Ng3 Nd4 16. Be3 Be5 17. Qd5 Nc2 18. Rad1 Nxe3 19. fxe3 Qe7 20. Ne4 Kg7 21. b3 d6 22. Nxd6 Bxd6 23. Qxd6 Bxg4 24. Qd4+ Qe5 25. Qxg4 Qxe3+ 26. Kh1 Re5 27. Qf4 Qxf4 28. Rxf4 Rae8 29. Bd5 f5 30. Rf2 b5 31. Kg2 b4 32. c5 Rd8 33. Rfd2 Kf6 34. c6 a5 35. Bf3 Rxd2+ 36. Rxd2 Rc5 37. Kf1 g5 38. Rd4 Ke6 39. Rc4 Rxc4 40. bxc4 Kd6 41. Ke2 1-0


[Site "https://www.chess.com"]

[Event "Titled Tuesday Blitz August 09 Late 2022"]
[White "Janaszak, Dawid"]
[Black "Xie, Luke"]
[WhiteFideId "1119206"]
[BlackFideId "2099667"]
[WhiteElo "2165"]
[BlackElo "2441"]
[Result "1/2-1/2"]
[Round "11"]
[TimeControl "180+1"]
[Date "2022.08.09"]
[WhiteClock "0:00:25"]
[BlackClock "0:00:06"]

1. d4 d5 2. Bf4 c5 3. e4 cxd4 4. Qxd4 Nc6 5. Qxd5 Qxd5 6. exd5 Nb4 7. Na3 Nxd5 8. O-O-O e6 9. Bb5+ Bd7 10. Bxd7+ Kxd7 11. c4 Bxa3 12. cxd5 Rc8+ 13. Kb1 Bc5 14. dxe6+ Kxe6 15. Nf3 Kf5 16. Rd5+ Kxf4 17. Rc1 Nf6 18. Rdxc5 Rxc5 19. Rxc5 Rd8 20. Kc1 b6 21. Rc6 Rd7 22. a4 Ne4 23. Rc4 f5 24. Ne1 Ke5 25. f3 Nd2 26. f4+ Kf6 27. Rc6+ Kf7 28. Kc2 Nf1 29. Nf3 Ne3+ 30. Kb3 Ke7 31. Ne5 Rb7 32. g3 Nf1 33. Rc2 Kf6 34. Re2 Rc7 35. Nc4 Re7 36. Rf2 Ne3 37. Ne5 Ng4 38. Nxg4+ fxg4 39. Kc4 Rc7+ 40. Kb4 Rc5 41. Rd2 a5+ 42. Kb3 Rc6 43. Rd5 g6 44. Rg5 h5 45. Rd5 Re6 46. Rb5 Kg7 47. Kc4 Re2 48. Rxb6 Rxh2 49. b4 axb4 50. a5 Ra2 51. Kb3 Rxa5 52. Kxb4 Ra2 53. Kc4 Rf2 54. Kd4 Rf3 55. Ke5 Rxg3 56. Rb7+ Kh6 57. f5 gxf5 58. Kf6 Ra3 59. Rb8 Ra6+ 60. Kxf5 Rg6 61. Rh8+ Kg7 62. Rxh5 g3 63. Rh1 g2 64. Rg1 Kf7 65. Kf4 Rf6+ 66. Kg3 Rg6+ 67. Kf2 1/2-1/2


[Site "https://www.chess.com"]